 Dungeon Crawl Stone Soup version 0.20.1-1-g8b1a95d (webtiles) character file.

3079 Starchild the Basher (level 9, -3/61 HPs)
             Began as a Demonspawn Gladiator on Aug 1, 2017.
             Was a Follower of Qazlal.
             Slain by a shadow (24 damage)
             ... on level 7 of the Dungeon.
             The game lasted 00:21:37 (7150 turns).

Starchild the Basher (Demonspawn Gladiator)         Turns: 7150, Time: 00:21:37

Health: -3/61      AC: 11    Str: 17    XL:     9   Next: 58%
Magic:  12/12      EV: 13    Int: 11    God:    Qazlal [*.....]
Gold:   427        SH:  2    Dex: 14    Spells: 8/8 levels left

rFire    + . .     SeeInvis .   E - +2 whip (freeze)
rCold    + . .     Gourm    .   (no shield)
rNeg     + . .     Faith    .   I - +2 robe {rN+}
rPois    +         Spirit   .   c - +0 helmet
rElec    .         Reflect  .   j - +1 cloak
rCorr    .         Harm     .   (no gloves)
MR       .....                  (no boots)
Stlth    +.........             (no amulet)
Regen    0.2/turn               h - ring of protection from fire
MPRegen  0.2/turn               B - +3 ring of slaying

@: drained
A: slimy green scales 3, cold resistance 1
a: Renounce Religion


You were on level 7 of the Dungeon.
You worshipped Qazlal.
Qazlal was aware of your devotion.
You were near starving.

You visited 2 branches of the dungeon, and saw 9 of its levels.

You collected 427 gold pieces.

Inventory:

Hand Weapons
 a - a +0 flail
 d - a +3 flail
 E - a +2 whip of freezing (weapon)
Missiles
 M - 159 stones
 S - 3 throwing nets (quivered)
Armour
 b - a +0 leather armour
 c - a +0 helmet (worn)
 j - a +1 cloak (worn)
 o - a +2 robe of magic resistance
 I - a +2 robe of positive energy (worn)
 P - a +0 shield
 Q - a +0 buckler
Magical Staves
 K - an uncursed staff of conjuration
Jewellery
 h - a ring of protection from fire (left hand)
 k - an uncursed ring of stealth
 p - an uncursed ring of protection from fire
 B - a +3 ring of slaying (right hand)
 H - an uncursed amulet of the gourmand
Wands
 w - a wand of paralysis (0/24)
 F - a wand of scattershot (3/9)
 O - a wand of polymorph (13/24)
Scrolls
 e - 4 scrolls of remove curse
 g - 5 scrolls of identify
 i - 2 scrolls of teleportation {unknown}
 t - 3 scrolls of fear {unknown}
 u - a scroll of blinking {unknown}
 v - 2 scrolls of immolation {unknown}
 x - 3 scrolls of recharging {unknown}
 y - a scroll of enchant armour {unknown}
 J - a scroll of random uselessness {unknown}
 N - a scroll of fog {unknown}
 R - a scroll of enchant weapon {unknown}
Potions
 m - 5 potions of curing
 n - a potion of flight {unknown}
 q - a potion of lignification {unknown}
 s - 3 potions of ambrosia {unknown}
 A - 2 potions of cancellation {unknown}
 C - 2 potions of agility {unknown}
 D - a potion of degeneration {unknown}
 G - 3 potions of heal wounds {unknown}
 T - a potion of brilliance {unknown}
Books
 L - a book of Minor Magic

   Spells                             Type                      Level
   a - Magic Dart                     Conjuration                  1
   b - Blink                          Translocation                2
   c - Call Imp                       Summoning                    2
   d - Slow                           Hexes                        2
   e - Conjure Flame                  Conjuration/Fire             3
   f - Mephitic Cloud                 Conjuration/Poison/Air       3
Comestibles
 f - 4 bread rations
 l - 3 meat rations
 r - 3 royal jellies
 z - 6 fruits


   Skills:
 - Level 2.0(1.6) Fighting
 - Level 12.0(11.6) Maces & Flails
 - Level 1.7(1.4) Throwing
 - Level 2.6(2.3) Dodging
 + Level 4.2(3.9) Invocations


You had 8 spell levels left.
You didn't know any spells.

Dungeon Overview and Level Annotations

Branches:
Dungeon (8/15)             Temple (1/1) D:5
   Lair: D:8-11

Altars:
Ashenzari
Cheibriados
Dithmenos
Elyvilon
Fedhas
Gozag
Hepliaklqana
Kikubaaqudgha
Makhleb
Nemelex Xobeh
Okawaru
Qazlal
Ru
Sif Muna
Trog
Uskayaw
Vehumet
Xom
Yredelemnul
Zin
The Shining One


Innate Abilities, Weirdness & Mutations

You are completely covered in slimy green scales. (AC +4, rPois)
Your flesh is cold resistant. (rC+)


Message History

The shadow is moderately damaged.
The quokka bites you. The shadow hits you!
You hit the shadow but do no damage.
The shadow is moderately damaged.
The quokka closely misses you.
You hit the shadow but do no damage.
The shadow is moderately damaged.
The shadow hits you.
You closely miss the shadow.
The shadow is moderately damaged.
The quokka bites you but does no damage.
You hit the shadow but do no damage.
The shadow is moderately damaged.
The shadow slips into darkness.
The shadow flickers and vanishes!
Deactivating autopickup; reactivate with Ctrl-A.
You hit something but do no damage. The quokka closely misses you.
You hit something but do no damage.
The shadow strikes at you from the darkness!
You die...

.....##...### ##.##
......###(..## ##..#
#.....#####..###
##..## ###....#
###).### #..## ##...#
##..)#####.## #####
###)..##.## ###....#
######..#######
#####..@..).......##
####
###......{r..........#
...#
#...................##
...##
#..................##
....#
#..................#
....#
#.................##
.####
#................## ##
#................# ###
##..............##
###.##


You could see a quokka.

Vanquished Creatures
  Pikel (D:4)
  Sigmund (D:4)
  Eustachio (D:5)
  A water moccasin (D:7)
  An orc warrior (D:6)
  2 slaves (D:4)
  2 black bears (D:6)
  3 sky beasts
  2 ogres (D:5)
  A phantom (D:6)
  A centaur (D:7)
  2 gnoll sergeants (D:6)
  A bullfrog (D:6)
  A scorpion (D:4)
  A howler monkey (D:5)
  7 crimson imps
  3 hounds
  A centaur skeleton (D:7)
  Crazy Yiuf (D:3)
  Jessica (D:2)
  Natasha (thrice) (D:3)
  2 iguanas
  An orc wizard (D:3)
  3 worker ants (D:4)
  2 hound skeletons (D:7)
  A worker ant zombie (D:7)
  A howler monkey skeleton (D:5)
  11 adders
  16 gnolls
  2 shadow imps
  2 oozes
  3 worms
  2 dart slugs
  3 leopard geckos
  10 orcs
  7 bats
  7 giant cockroaches
  7 goblins
  9 hobgoblins
  8 jackals
  4 kobolds
  4 quokkas
  4 frilled lizards
  A jackal zombie (D:5)
  A leopard gecko zombie (D:7)
  3 quokka skeletons
  6 rats
  A fungus (D:3)
158 creatures vanquished.

Vanquished Creatures (others)
  A slave (D:4)
  A worker ant (D:4)
  An adder skeleton (D:4)
3 creatures vanquished.

Grand Total: 161 creatures vanquished

Notes
Turn   | Place    | Note
-------+----------+-------------------------------------------
     0 | D:1      | Starchild the Demonspawn Gladiator began the quest for the Orb.
     0 | D:1      | Reached XP level 1. HP: 16/16 MP: 1/1
    60 | D:1      | Reached skill level 3 in Maces & Flails
   109 | D:1      | Gained mutation: Your flesh is cold resistant. (rC+) [demonic ancestry]
   109 | D:1      | Reached XP level 2. HP: 22/22 MP: 2/2
   509 | D:1      | Reached XP level 3. HP: 20/27 MP: 3/3
   627 | D:2      | Noticed Jessica
   636 | D:2      | Killed Jessica
   636 | D:2      | Reached skill level 4 in Maces & Flails
   844 | D:2      | Reached XP level 4. HP: 18/33 MP: 4/4
  1599 | D:3      | Noticed Natasha
  1612 | D:3      | Killed Natasha
  1612 | D:3      | Reached skill level 5 in Maces & Flails
  1772 | D:3      | Noticed Natasha
  1789 | D:3      | Killed Natasha
  1789 | D:3      | Gained mutation: You are partially covered in slimy green scales. (AC +2) [demonic ancestry]
  1789 | D:3      | Reached XP level 5. HP: 30/38 MP: 5/5
  1791 | D:3      | Found a shadowy altar of Dithmenos.
  2162 | D:3      | Found a hide-covered altar of Uskayaw.
  2313 | D:3      | Found a runed door.
  2317 | D:3      | Noticed Crazy Yiuf
  2326 | D:3      | Killed Crazy Yiuf
  2326 | D:3      | Reached skill level 6 in Maces & Flails
  2407 | D:3      | Reached XP level 6. HP: 40/44 MP: 6/6
  2624 | D:3      | Noticed Natasha
  2631 | D:3      | Killed Natasha
  2962 | D:4      | Noticed a slave
  2963 | D:4      | Noticed a slave
  2964 | D:4      | Noticed Pikel
  2995 | D:4      | Killed a slave
  3001 | D:4      | Killed a slave
  3011 | D:4      | Paralysed by Pikel for 2 turns
  3012 | D:4      | Noticed a slave
  3014 | D:4      | Noticed a slave
  3016 | D:4      | Paralysed by Pikel for 6 turns
  3027 | D:4      | Paralysed by Pikel for 2 turns
  3030 | D:4      | Killed Pikel
  3030 | D:4      | Reached skill level 8 in Maces & Flails
  3030 | D:4      | Gained mutation: You are mostly covered in slimy green scales. (AC +3) [demonic ancestry]
  3030 | D:4      | Reached XP level 7. HP: 13/50 MP: 7/7
  3420 | D:4      | Noticed Sigmund
  3430 | D:4      | Killed Sigmund
  3430 | D:4      | Reached skill level 9 in Maces & Flails
  3430 | D:4      | Gained mutation: You are completely covered in slimy green scales. (AC +4, rPois) [demonic ancestry]
  3430 | D:4      | Reached XP level 8. HP: 56/56 MP: 8/8
  3626 | D:5      | Entered Level 5 of the Dungeon
  3626 | D:5      | Noticed Eustachio
  3661 | D:5      | Killed Eustachio
  3687 | D:5      | Found a stormy altar of Qazlal.
  3843 | D:5      | Found a white marble altar of Elyvilon.
  4030 | D:5      | Reached skill level 10 in Maces & Flails
  4338 | D:5      | Found a staircase to the Ecumenical Temple.
  4346 | Temple   | Entered the Ecumenical Temple
  4404 | Temple   | Became a worshipper of Qazlal Stormbringer
  4898 | D:6      | Reached skill level 11 in Maces & Flails
  4898 | D:6      | Reached XP level 9. HP: 28/61 MP: 9/9
  5309 | D:6      | Found an ancient bone altar of Kikubaaqudgha.
  5384 | D:6      | Found an iron altar of Okawaru.
  6058 | D:6      | Found a deep blue altar of Sif Muna.
  6237 | D:7      | Reached * piety under Qazlal
  6300 | D:7      | Reached skill level 12 in Maces & Flails
  6597 | D:7      | Found a burning altar of Makhleb.
  7150 | D:7      | Slain by a shadow

Skill      XL: |  1  2  3  4  5  6  7  8  9 |
---------------+----------------------------+-----
Maces & Flails | 3 4 5 6 8 9 11 12 | 12.0
Invocations    | 4 |  4.2
Fighting       | |  2.0
Throwing       | |  1.7
Dodging        | |  2.6

Action                   |  1- 3 |  4- 6 |  7- 9 || total
-------------------------+-------+-------+-------++-------
Melee: Flail             |    93 |   187 |     2 ||   282
       Whip              |       |       |   369 ||   369
Throw: Throwing net      |     1 |     5 |     2 ||     8
       Stone             |       |       |     5 ||     5
Evoke: Wand              |       |       |     2 ||     2
  Use: Scroll            |       |     3 |     1 ||     4
       Potion            |       |     1 |       ||     1
 Stab: Sleeping          |     5 |     1 |       ||     6
       Paralysed         |       |       |     3 ||     3
       Held in net/web   |       |       |     2 ||     2
  Eat: Chunk             |       |     6 |     8 ||    14
       Bread ration      |       |       |     1 ||     1
Armor: Leather armour    |    28 |       |       ||    28
       Robe              |     4 |    58 |    99 ||   161
Dodge: Dodged            |    75 |   115 |   179 ||   369
Block: Other             |       |       |     1 ||     1
